 Dungeon Crawl Stone Soup version 0.24.0-35-gdb84b6a5db (webtiles) character file.

Game seed: 2422224140766169098, levelgen mode: deterministic

3977 PentaManta the Covert (level 10, -1/67 HPs)
             Began as a Vampire Assassin on Nov 17, 2019.
             Was a Priest of Uskayaw.
             Slain by an orc warrior
             ... wielding a +0 trident
              (15 damage)
             ... in a bailey.
             The game lasted 00:27:08 (7100 turns).

PentaManta the Covert (Vampire Assassin)            Turns: 7100, Time: 00:27:08

Health: -1/67      AC: 11    Str: 15    XL:     10   Next: 2%
Magic:  10/10      EV: 19    Int: 18    God:    Uskayaw [***...]
Gold:   431        SH:  0    Dex: 20    Spells: 9/9 levels left

rFire    . . .     SeeInvis +   u - +0 dagger (venom)
rCold    . . .     Gourm    .   (no shield)
rNeg     + . .     Faith    .   h - +3 ring mail
rPois    .         Spirit   .   E - +0 helmet
rElec    .         Reflect  .   c - +0 cloak
rCorr    .         Harm     .   k - +0 pair of gloves
MR       +....     Clarity  +   (no boots)
Stlth    +++++.....             (no amulet)
HPRegen  0.41/turn              g - ring of flight
MPRegen  0.12/turn              C - ring of positive energy

@: mighty, brilliant, regenerating quickly, hasted, very quick
A: no food, fangs 3, see invisible, clarity, unbreathing, evolution 1
a: Exsanguinate, Stomp, Line Pass, Renounce Religion, Evoke Flight


You were in a bailey.
You worshipped Uskayaw.
Uskayaw was noncommittal.
You were alive.

You visited 2 branches of the dungeon, and saw 10 of its levels.
You also visited: Bailey.

You collected 431 gold pieces.

Inventory:

Hand Weapons
 a - a +2 dagger
 u - a +0 dagger of venom (weapon)
Missiles
 d - 8 poisoned darts
 e - 2 curare-tipped darts
 m - 2 throwing nets (quivered)
Armour
 c - a +0 cloak (worn)
 h - a +3 ring mail (worn)
 k - a +0 pair of gloves (worn)
 y - a +1 robe of magic resistance
 E - a +0 helmet (worn)
Jewellery
 g - a ring of flight (left hand)
 C - a ring of positive energy (right hand)
Wands
 f - a wand of paralysis (5)
 v - a wand of polymorph (2)
 x - a wand of flame (23)
Scrolls
 b - a scroll of summoning
 l - a scroll of enchant armour
 o - 2 scrolls of fear
 r - 2 scrolls of amnesia
 s - a scroll of blinking
 D - a scroll of enchant weapon {unknown}
Potions
 i - 2 potions of cancellation
 j - a potion of ambrosia
 n - a potion of magic
 p - a potion of haste
 q - a potion of heal wounds
 t - 2 potions of flight
 w - a potion of lignification


   Skills:
 - Level 1.7 Fighting
 + Level 8.2 Short Blades
 - Level 1.5 Throwing
 * Level 11.1 Dodging
 + Level 12.3 Stealth


You had 9 spell levels left.
You didn't know any spells.
Your spell library contained the following spells:

 Spells                   Type           Power        Failure   Level  Hunger
 Static Discharge         Conj/Air       ##......     14%         3    N/A
 Irradiate                Conj/Tmut      ##........   69%         5    N/A
 Bolt of Fire             Conj/Fire      ##........   99%         6    N/A
 Iron Shot                Conj/Erth      ##........   99%         6    N/A

Dungeon Overview and Level Annotations

Branches:
Dungeon (9/15)             Temple (1/1) D:6          Bailey (1/1)
   Lair: D:8-11         Orc: D:9-12

Altars:
Ashenzari
Dithmenos
Elyvilon
Fedhas
Gozag
Hepliaklqana
Kikubaaqudgha
Makhleb
Nemelex Xobeh
Okawaru
Qazlal
Sif Muna
Trog
Uskayaw
Vehumet
Wu Jian
Zin
The Shining One

Annotations:
D:6 exclusion: 4 doors


Innate Abilities, Weirdness & Mutations

You do not eat.
Your natural rate of healing is unusually fast.
You have razor-sharp teeth.
You have supernaturally acute eyesight. (SInv)
You can survive without breathing.
You possess an exceptional clarity of mind.
You evolve.


Message History

The orc warrior hits you from afar with a +0 trident.
There is a gate leading back out of this place, spattered with blood here.
You barely miss the orc. The orc closely misses you. x2
The orc warrior hits you from afar with a +0 trident!
* * * LOW HITPOINT WARNING * * *
You hit the orc.
The orc is heavily wounded.
Uskayaw will force your foes to helplessly watch your dance.
Uskayaw prepares the audience for your solo!
The helpless orc fails to defend itself.
You skewer the orc like a kebab!!!!
You kill the orc!
The helpless orc fails to defend itself.
You perforate the orc like a sieve!!!!
You kill the orc!
The orc warrior is no longer paralysed.
Items here: )) [[ †† You barely miss the orc warrior.
The orc warrior hits you with a +0 trident!
You die...

###########
##.∩).......
#..@).......
#...o.......
#∩..........
#...........
#...........
##.∩........
###########


You could see an orc warrior.

Vanquished Creatures
  Erica (D:8)
  Pikel (D:7)
  A hippogriff (D:8)
  2 slaves
  A hornet zombie (D:7)
  3 sky beasts
  An orc warrior (D:8)
  An ice beast (D:8)
  A phantom (D:5)
  A necrophage (D:8)
  3 ogres
  2 centaurs
  2 big kobolds (D:7)
  4 bullfrogs
  4 killer bees (D:7)
  2 scorpions
  A wight (D:8)
  A howler monkey (D:8)
  A centaur zombie (D:8)
  2 crimson imps
  A hound (D:7)
  6 orc wizards
  2 orc priests
  An iguana (D:8)
  Natasha (twice) (D:3)
  5 worker ants
  2 hound zombies
  A hound skeleton (D:4)
  A mummy (D:8)
  3 gnolls (D:6)
  A howler monkey skeleton (D:4)
  4 adders
  A shadow imp (D:5)
  2 oozes
  2 adder zombies (D:8)
  4 worms
  2 dart slugs
  2 leopard geckos
  38 orcs
  9 bats
  7 giant cockroaches
  5 goblins
  7 hobgoblins
  24 jackals
  13 kobolds
  6 quokkas
  A ball python (D:1)
  4 frilled lizards
  A leopard gecko zombie (D:8)
  5 rats
197 creatures vanquished.

Vanquished Creatures (others)
  A necrophage (D:7)
  A jelly (D:7)
  An adder (D:7)
  An adder skeleton (D:7)
  A kobold (D:7)
5 creatures vanquished.

Grand Total: 202 creatures vanquished

Notes
Turn   | Place    | Note
-------+----------+-------------------------------------------
     0 | D:1      | PentaManta the Vampire Assassin began the quest for the
                  | Orb.
     0 | D:1      | Reached XP level 1. HP: 16/16 MP: 1/1
   129 | D:1      | Reached skill level 6 in Stealth
   135 | D:1      | Reached XP level 2. HP: 22/22 MP: 2/2
   539 | D:1      | Reached XP level 3. HP: 25/27 MP: 3/3
  1181 | D:2      | Reached XP level 4. HP: 33/33 MP: 4/4
  1313 | D:2      | Found a white marble altar of Elyvilon.
  1313 | D:2      | Found a hazy altar of Hepliaklqana.
  1428 | D:3      | Noticed Natasha
  1516 | D:3      | Killed Natasha
  1916 | D:3      | Noticed Natasha
  1926 | D:3      | Killed Natasha
  1926 | D:3      | Reached skill level 7 in Stealth
  1926 | D:3      | Reached XP level 5. HP: 21/38 MP: 5/5
  2149 | D:3      | HP: 1/38 [poisoned by an orc wizard]
  2651 | D:4      | Found a shattered altar of Ashenzari.
  2672 | D:4      | Reached XP level 6. HP: 44/44 MP: 6/6
  2821 | D:4      | Reached skill level 5 in Dodging
  2956 | D:4      | Found a sparkling altar of Nemelex Xobeh.
  3149 | D:4      | Identified the Reference Book on Lethal Stones
  3406 | D:5      | Entered Level 5 of the Dungeon
  3578 | D:5      | Noticed a sky beast
  3596 | D:5      | Killed a sky beast
  3596 | D:5      | Reached skill level 8 in Stealth
  3723 | D:5      | Reached XP level 7. HP: 49/49 MP: 7/7
  4081 | D:5      | Reached skill level 5 in Short Blades
  4193 | D:5      | Found a stormy altar of Qazlal.
  4484 | D:6      | Reached skill level 9 in Stealth
  4584 | D:6      | Found a staircase to the Ecumenical Temple.
  4593 | Temple   | Entered the Ecumenical Temple
  4671 | Temple   | Became a worshipper of Uskayaw the Reveler
  4752 | D:6      | Reached * piety under Uskayaw
  5078 | D:6      | Reached ** piety under Uskayaw
  5177 | D:7      | Noticed Pikel
  5269 | D:7      | Killed Pikel
  5269 | D:7      | Reached skill level 10 in Stealth
  5269 | D:7      | Reached XP level 8. HP: 49/55 MP: 8/8
  5928 | D:7      | Reached XP level 9. HP: 61/61 MP: 9/9
  6308 | D:8      | Reached skill level 11 in Stealth
  6316 | D:8      | Reached *** piety under Uskayaw
  6345 | D:8      | Noticed Erica
  6349 | D:8      | Killed Erica
  6349 | D:8      | Reached skill level 10 in Dodging
  6587 | D:8      | Reached skill level 12 in Stealth
  6796 | D:9      | Reached **** piety under Uskayaw
  6936 | D:8      | Reached XP level 10. HP: 59/67 MP: 10/10
  7049 | D:9      | Found a flagged portal.
  7053 | Bailey   | Entered a bailey
  7063 | Bailey   | Gained mutation: You possess an exceptional clarity of
                  | mind. [potion of mutation]
  7063 | Bailey   | Gained mutation: You evolve. [potion of mutation]
  7100 | Bailey   | Slain by an orc warrior

Levels and vault maps discovered:
D:1:      sevenhm_arrival_forest_fort_large_2, layout_rooms, serial_forest,
          infiniplex_forest_fountain, infiniplex_forest_end_1,
          infiniplex_forest_clump_long, infiniplex_forest_clump_medium,
          infiniplex_forest_clump_double, st_stairs_5
D:2:      layout_basic, gammafunk_temple_overflow_elements
D:3:      layout_loops_ring, uniq_natasha
D:4:      layout_gridville, nicolae_ashenzari_panopticon,
          overflow_temple_1_default, first_ration
D:5:      layout_rooms, lemuel_coloured_pillars_altar
D:6:      lemuel_castle_with_subvaults [lemuel_castle_interior_carwin_2],
          layout_cave_pools, minmay_temple_entry_mini_moons
D:7:      layout_gridville, grunt_ogre_cave, minivault_4, uniq_pikel
D:8:      layout_basic, serial_undead, serial_undead_c, serial_undead_e,
          serial_undead_a, serial_undead_f, uniq_erica
D:9:      layout_layer_cave, chequers_temple_overflow_statue_of_worship,
          kennysheep_mini, enter_bailey_1, basic_altar,
          yredelemnul_altar_generic
Temple:   dshaligram_water_room_temple
Bailey:   bailey_polearm_5, bailey

Skill      XL: |  1  2  3  4  5  6  7  8  9 |
---------------+----------------------------+-----
Stealth        | 6 7 8 10 12 | 12.3
Dodging        | 2 3 4 5 8 9 11 | 11.1
Short Blades   | 3 4 6 8 |  8.2
Fighting       | |  1.7
Throwing       | |  1.5

Action                   |  1- 3 |  4- 6 |  7- 9 | 10-12 || total
-------------------------+-------+-------+-------+-------++-------
Melee: Dagger            |   122 |   223 |   582 |    60 ||   987
       Bite              |    15 |    25 |    73 |    10 ||   123
Throw: Dart              |       |     7 |     2 |       ||     9
       Throwing net      |       |       |     8 |       ||     8
Evoke: Wand              |       |       |    20 |       ||    20
  Use: Potion            |       |     3 |     2 |     4 ||     9
       Scroll            |       |    12 |     5 |       ||    17
 Stab: Sleeping          |    11 |    12 |    11 |       ||    34
       Distracted        |       |     2 |     1 |       ||     3
       Held in net/web   |       |       |     1 |       ||     1
       Paralysed         |       |       |     1 |     2 ||     3
Armor: Robe              |    20 |    19 |     2 |       ||    41
       Ring mail         |       |    10 |   134 |     7 ||   151
       Skin              |       |       |    21 |       ||    21
Dodge: Dodged            |    63 |   131 |   435 |    39 ||   668
